 Dungeon Crawl Stone Soup version 0.27.1-34-g3ba077fa99 (webtiles) character file.

Game seed: 12235217079230541787

3216 boopmooplesden the Carver (level 9, -3/78 HPs)
             Began as a Minotaur Fighter on Jan 4, 2022.
             Was an Initiate of Okawaru.
             Slain by an eight-headed hydra (8 damage)
             ... on level 6 of the Dungeon.
             The game lasted 00:10:59 (6825 turns).

boopmooplesden the Carver (Minotaur Fighter)        Turns: 6825, Time: 00:11:00

Health: -3/78      AC: 15    Str: 22    XL:     9   Next: 65%
Magic:  8/8        EV:  6    Int: 11    God:    Okawaru [......]
Gold:   321        SH: 11    Dex: 12    Spells: 8/8 levels left

rFire    + . .     SeeInvis .   m - +2 whip (elec)
rCold    + . .     Faith    .   c - +0 kite shield
rNeg     . . .     Spirit   .   o - +1 plate armour
rPois    .         Reflect  .   (helmet restricted)
rElec    +         Harm     .   t - scarf {+Inv}
rCorr    .         Rampage  .   (no gloves)
Will     .....                  (no boots)
Stlth    ..........             (no amulet)
HPRegen  0.23/turn              g - ring of Zaedoch {rElec rF+ Int+6 Stlth+}
MPRegen  0.11/turn              u - ring of protection from cold

@: studying Evocations
A: horns 2, retaliatory headbutt
a: Renounce Religion, Evoke Invisibility


You were on level 6 of the Dungeon.
You worshipped Okawaru.
Okawaru was noncommittal.
You visited 2 branches of the dungeon, and saw 7 of its levels.

You collected 321 gold pieces.

Inventory:

Hand Weapons
 a - a +0 vorpal long sword
 j - a +2 long sword of holy wrath
 m - a +2 whip of electrocution (weapon)
Armour
 b - a +0 scale mail
 c - a +0 kite shield (worn)
 f - a +0 cloak
 i - +0 swamp dragon scales
 n - a +0 chain mail
 o - a +1 plate armour (worn)
 t - a scarf of invisibility (worn)
Jewellery
 g - the ring of Zaedoch (left hand) {rElec rF+ Int+6 Stlth+}
   (You acquired it on level 2 of the Dungeon)

   [ring of intelligence]

   Int:       It affects your intelligence (+6).
   rF:        It protects you from fire.
   rElec:     It insulates you from electricity.
   Stlth:     It makes you more stealthy.
 u - a ring of protection from cold (right hand)
 v - a ring of protection from cold
Wands
 l - a wand of flame (14)
Scrolls
 q - a scroll of identify
 s - a scroll of silence
Potions
 d - a potion of attraction {unknown}
 e - a potion of flight
 h - a potion of curing
 k - a potion of brilliance {unknown}
 r - a potion of heal wounds
 x - 2 potions of haste {unknown}


   Skills:
 + Level 6.4 Fighting
 + Level 9.9 Long Blades
 + Level 8.9 Armour
 + Level 3.0 Dodging
 + Level 1.5 Stealth
 + Level 8.7 Shields
 + Level 0.1 Evocations


You had 8 spell levels left.
You didn't know any spells.
Your spell library contained the following spells:

 Spells                   Type           Power      Damage    Failure   Level
 Conjure Flame            Conj/Fire      0%         6-21      100%        3
 Ignite Poison            Fire/Tmut/Pois 0%         N/A       100%        3
 Sticky Flame             Conj/Fire      0%         2d3       100%        4


Dungeon Overview and Level Annotations

Branches:
Dungeon (6/15)             Temple (1/1) D:6

Altars:
Ashenzari
Cheibriados
Dithmenos
Elyvilon
Gozag
Kikubaaqudgha
Nemelex Xobeh
Okawaru
Ru
Sif Muna
Trog
Uskayaw
Vehumet
Wu Jian
Xom
Zin
The Shining One

Shops:
D:2 =   D:3 !

Annotations:
D:6 1 runed translucent door


Innate Abilities, Weirdness & Mutations

You have a pair of horns on your head.
You reflexively headbutt those who attack you in melee.


Message History

You block the eight-headed hydra's attack. x2
The eight-headed hydra bites you but does no damage.
You barely miss the eight-headed hydra.
Your headbutt misses the eight-headed hydra.
The eight-headed hydra is lightly wounded.
The eight-headed hydra bites you but does no damage.
The eight-headed hydra bites you.
You block the eight-headed hydra's attack.
The eight-headed hydra bites you but does no damage. x2
You block the eight-headed hydra's attack. x2
The eight-headed hydra bites you.
You hit the eight-headed hydra.
The eight-headed hydra is lightly wounded.
The eight-headed hydra bites you!
You block the eight-headed hydra's attack.
The eight-headed hydra bites you!
The eight-headed hydra bites you but does no damage.
The eight-headed hydra barely misses you.
You block the eight-headed hydra's attack.
The eight-headed hydra bites you. x2
You hit the eight-headed hydra.
Lightning courses through the eight-headed hydra!
The eight-headed hydra is heavily wounded.
The eight-headed hydra closely misses you.
You block the eight-headed hydra's attack.
The eight-headed hydra bites you.
The eight-headed hydra closely misses you.
You block the eight-headed hydra's attack.
The eight-headed hydra bites you!
* * * LOW HITPOINT WARNING * * *
The eight-headed hydra bites you!
* * * LOW HITPOINT WARNING * * *
The eight-headed hydra barely misses you.
You block the eight-headed hydra's attack.
The eight-headed hydra bites you but does no damage.
The eight-headed hydra bites you.
* * * LOW HITPOINT WARNING * * *
The eight-headed hydra bites you but does no damage. x2
The eight-headed hydra bites you!
You die... .. ..# ...
P.P

.# .. #..##.#### .# #.
##P#...#P### #.# .
#....>.....## [.#
#.P#...#P...# #..# .
#..##.##....### ... ...
#..P.........##.#.'###
##...#....##..@.........
#...#........D........# #
#...#...>###.(........ ### # #
#.#.....(###.(........ ....###
#.#..................# #....
#.#.......##.(.......####..#..
#.#.....#.##..............####
#[........##.(.........)######
##........##.........##)#.....


You could see an eight-headed hydra.

Vanquished Creatures
  Pikel (D:6)
  Maggie (D:6)
  Grinder (D:4)
  Sigmund (D:2)
  A shadow (D:5)
  Eustachio (D:6)
  Duvessa (D:4)
  3 ice beasts
  A sky beast (D:6)
  A necrophage (D:4)
  A centaur (D:5)
  4 ogres
  A phantom (D:5)
  2 lemures (D:6)
  A scorpion (D:6)
  Dowan (D:4)
  A howler monkey (D:4)
  A centaur zombie (D:5)
  A hound (D:5)
  A jelly (D:5)
  4 orc priests
  2 bullfrog skeletons
  An iguana (D:5)
  3 orc wizards
  Natasha (thrice) (D:2)
  3 hound skeletons
  Robin (D:2)
  A howler monkey skeleton (D:4)
  6 adders
  2 ufetubi (D:6)
  An adder skeleton (D:4)
  2 worms
  6 dart slugs
  18 orcs
  9 ball pythons
  3 bats
  8 endoplasms
  7 giant cockroaches
  16 goblins
  9 hobgoblins
  11 kobolds
  2 quokkas
  5 frilled lizards
  2 rats (D:3)
151 creatures vanquished.

Vanquished Creatures (others)
  A plant (D:6)
1 creature vanquished.

Grand Total: 152 creatures vanquished

Notes
Turn   | Place    | Note
-------+----------+-------------------------------------------
     0 | D:1      | boopmooplesden the Minotaur Fighter began the quest for the
                  | Orb.
     0 | D:1      | Reached XP level 1. HP: 19/19 MP: 0/0
   172 | D:1      | Found a faded altar of an unknown god.
   185 | D:1      | Reached XP level 2. HP: 15/27 MP: 1/1
   618 | D:2      | Identified a scroll of acquirement
   618 | D:2      | Acquired the ring of Zaedoch {rElec rF+ Int+6 Stlth+}
   644 | D:2      | Noticed Robin
   663 | D:2      | Reached XP level 3. HP: 26/33 MP: 2/2
   675 | D:2      | Killed Robin
   914 | D:2      | Found Fuber's Jewellery Shop.
   924 | D:2      | Noticed Natasha
   945 | D:2      | Killed Natasha
   946 | D:2      | Reached XP level 4. HP: 16/40 MP: 3/3
  1218 | D:2      | Reached skill level 3 in Long Blades
  1796 | D:2      | Noticed Natasha
  1801 | D:2      | Killed Natasha
  1802 | D:2      | Reached skill level 1 in Dodging
  1902 | D:2      | Noticed Sigmund
  1909 | D:2      | Killed Sigmund
  1910 | D:2      | Reached skill level 4 in Long Blades
  1910 | D:2      | Reached skill level 5 in Armour
  1910 | D:2      | Reached XP level 5. HP: 17/47 MP: 4/4
  1910 | D:2      | Reached XP level 6. HP: 19/53 MP: 5/5
  2357 | D:2      | Noticed Natasha
  2361 | D:2      | Killed Natasha
  2454 | D:2      | Found a radiant altar of Vehumet.
  2541 | D:3      | Reached skill level 5 in Long Blades
  2541 | D:3      | Reached skill level 5 in Shields
  2688 | D:3      | Found Tinwerph's Distillery.
  2753 | D:3      | Reached XP level 7. HP: 60/60 MP: 6/6
  3385 | D:4      | Found a bloodstained altar of Trog.
  3581 | D:4      | Reached skill level 5 in Fighting
  3583 | D:4      | Found a shimmering altar of Xom.
  3588 | D:4      | Reached skill level 6 in Long Blades
  3588 | D:4      | Reached skill level 1 in Stealth
  3891 | D:4      | Noticed Grinder
  3896 | D:4      | Killed Grinder
  3908 | D:4      | Reached skill level 7 in Long Blades
  3908 | D:4      | Reached XP level 8. HP: 68/68 MP: 7/7
  4005 | D:4      | Noticed Duvessa
  4005 | D:4      | Noticed Dowan
  4017 | D:4      | Killed Duvessa
  4026 | D:4      | Killed Dowan
  4216 | D:4      | Found a snail-covered altar of Cheibriados.
  4384 | D:5      | Entered Level 5 of the Dungeon
  5135 | D:5      | Reached skill level 8 in Long Blades
  5723 | D:5      | Reached XP level 9. HP: 70/75 MP: 8/8
  5860 | D:6      | Noticed Eustachio
  5863 | D:6      | Noticed Maggie
  5891 | D:6      | Killed Maggie
  5892 | D:6      | Reached skill level 9 in Long Blades
  6143 | D:6      | Killed Eustachio
  6324 | D:6      | Found a runed translucent door.
  6324 | D:6      | Noticed Pikel
  6324 | D:6      | Noticed an eight-headed hydra
  6676 | D:6      | Killed Pikel
  6722 | D:6      | Found a staircase to the Ecumenical Temple.
  6731 | Temple   | Entered the Ecumenical Temple
  6789 | Temple   | Became a worshipper of Warmaster Okawaru
  6825 | D:6      | Slain by an eight-headed hydra

Illustrated notes

Levels and vault maps discovered:
D:1:      wander_arrival_lonely_grave, layout_rooms,
          hellmonk_ecumenical_altar_blasted
D:2:      layout_basic, serial_shops, shop, kennysheep_flooded_box, uniq_robin,
          uniq_natasha, uniq_sigmund
D:3:      layout_basic, serial_shops, shop, minmay_misc_feat_rugged
D:4:      minmay_bubble_buster, layout_loops_ring, lemuel_round_altar,
          mainiacjoe_overflow_concentric_impassable, minivault_4,
          minmay_ruined_shrine, uniq_duvessa, uniq_grinder
D:5:      layout_basic, minmay_misc_feat_secret_circle, minmay_manual_moon
D:6:      layout_rooms, jmf_multi_god_temple,
          minmay_temple_entry_gardened_gates, ebering_ghost_inner_flame,
          uniq_pikel, uniq_eustachio, uniq_maggie
Temple:   nicolae_temple_great_sept

Skill      XL: |  1  2  3  4  5  6  7  8  9 |
---------------+----------------------------+-----
Shields        | 4 5 7 8 |  8.7
Fighting       | 4 5 6 |  6.4
Armour         | 4 5 6 7 8 |  8.9
Long Blades    | 4 5 7 8 9 |  9.9
Dodging        | 1 2 3 |  3.0
Stealth        | 1 |  1.5
Evocations     | |  0.1

Action                   |  1- 3 |  4- 6 |  7- 9 || total
-------------------------+-------+-------+-------++-------
Melee: Long sword        |    77 |    75 |   302 ||   454
       Headbutt          |    13 |    11 |    73 ||    97
       Whip              |       |       |     5 ||     5
Throw: Dart              |       |       |     5 ||     5
Evoke: Wand              |       |       |     1 ||     1
  Use: Scroll            |     2 |     1 |     6 ||     9
       Potion            |       |       |     5 ||     5
 Stab: Sleeping          |       |     1 |       ||     1
Armor: Scale mail        |    39 |    20 |     1 ||    60
       Chain mail        |       |       |    91 ||    91
       Plate armour      |       |       |    98 ||    98
Dodge: Dodged            |    27 |    29 |    89 ||   145
Block: Kite shield       |    48 |    37 |   193 ||   278
       Rpst.: Long sword |     7 |     7 |    27 ||    41
